 Dungeon Crawl Stone Soup version 0.21.1-1-g345015f (webtiles) character file.

6901 rz the Cleaver (level 10, -2/94 HPs)
             Began as a Minotaur Berserker on Apr 9, 2018.
             Was an Elder of Trog.
             Killed from afar by an electric eel (7 damage)
             ... with a bolt of electricity
             ... on level 9 of the Dungeon.
             The game lasted 00:14:10 (8806 turns).

rz the Cleaver (Minotaur Berserker)                 Turns: 8806, Time: 00:14:10

Health: -2/94      AC: 11    Str: 25    XL:     10   Next: 79%
Magic:  9/9        EV: 11    Int:  4    God:    Trog [****..]
Gold:   478        SH:  0    Dex: 10    Spells: 9/9 levels left

rFire    + . .     SeeInvis .   y - +0 executioner's axe (vamp)
rCold    . . .     Gourm    .   (shield currently unavailable)
rNeg     . . .     Faith    .   J - +3 ring mail
rPois    .         Spirit   .   (helmet restricted)
rElec    .         Reflect  .   (no cloak)
rCorr    .         Harm     .   n - +0 pair of gloves
MR       .....                  (no boots)
Stlth    +.........             (no amulet)
HPRegen  0.25/turn              i - ring of stealth
MPRegen  0.11/turn              p - ring of protection from fire

@: no status effects
A: retaliatory headbutt, horns 2
a: Berserk, Trog's Hand, Brothers in Arms, Burn Spellbooks, Renounce Religion


You were on level 9 of the Dungeon.
You worshipped Trog.
Trog was greatly pleased with you.
You were not hungry.

You visited 1 branch of the dungeon, and saw 9 of its levels.

You collected 478 gold pieces.

Inventory:

Hand Weapons
 s - a +0 blowgun
 y - a +0 vampiric executioner's axe (weapon)
 I - the +7 glaive of Dismemberment {flame, Dex+6}
   (You took it off a centaur on level 7 of the Dungeon)

   It has been specially enchanted to burn those struck by it, causing extra
   injury to most foes and up to half again as much damage against particularly
   susceptible opponents.
   Big, fiery blades are also staple armaments of hydra-hunters.
   It affects your dexterity (+6).
Missiles
 t - 12 poisoned needles (quivered)
Armour
 n - a +0 pair of gloves (worn)
 J - a +3 ring mail (worn)
Jewellery
 i - a ring of stealth (left hand)
 p - a ring of protection from fire (right hand)
 E - an uncursed ring of flight
Wands
 z - a wand of random effects (30)
 K - a wand of polymorph (7)
 P - a wand of digging (21)
Scrolls
 b - 2 scrolls of amnesia {unknown}
 d - a scroll of fear {unknown}
 h - 6 scrolls of identify
 j - 7 scrolls of remove curse
 k - 2 scrolls of fog {unknown}
 m - 2 scrolls of teleportation {unknown}
 w - a scroll of random uselessness {unknown}
 C - a scroll of acquirement {unknown}
 G - a scroll of enchant weapon {unknown}
 L - a scroll of magic mapping {unknown}
Potions
 e - a potion of haste {unknown}
 l - 2 potions of cancellation {unknown}
 o - 5 potions of flight {unknown}
 q - 5 potions of curing {unknown}
 r - 2 potions of heal wounds {unknown}
 u - 4 potions of berserk rage {unknown}
 v - a potion of degeneration {unknown}
 x - 3 potions of agility {unknown}
 A - 3 potions of lignification {unknown}
 B - a potion of ambrosia {unknown}
 D - a potion of invisibility {unknown}
 F - a potion of mutation {unknown}
 M - a potion of brilliance {unknown}
Books
 O - a book of Frost

   Spells                             Type                      Level
   a - Freeze                         Ice                          1
   b - Throw Frost                    Conjuration/Ice              2
   c - Ozocubu's Armour               Charms/Ice                   3
   d - Throw Icicle                   Conjuration/Ice              4
   e - Summon Ice Beast               Ice/Summoning                4
   Trog disapproves of the use of such an item.
Comestibles
 c - 7 rations
 N - 6 chunks of flesh


   Skills:
 + Level 10.5 Fighting
 * Level 13.9 Axes
 + Level 10.2 Armour
 - Level 2.1 Dodging


You had 9 spell levels left.
You didn't know any spells.

Dungeon Overview and Level Annotations

Branches:
Dungeon (9/15)             Temple (0/1) D:5
   Lair: D:8-11         Orc: D:9-12

Altars:
Ashenzari
Gozag
Hepliaklqana
Kikubaaqudgha
Okawaru
Ru
Trog
Vehumet
Wu Jian
Yredelemnul
Zin

Shops:
D:4 ?   D:8 **


Innate Abilities, Weirdness & Mutations

You reflexively headbutt those who attack you in melee.
You have a pair of horns on your head.


Message History

The electric eel shoots out a bolt of lightning at you!
The bolt of electricity hits you!
The electric eel shoots out a bolt of lightning at you!
The bolt of electricity hits you!
* * * LOW HITPOINT WARNING * * *
The electric eel shoots out a bolt of lightning at you!
The bolt of electricity misses the electric eel.
The bolt of electricity hits you!
* * * LOW HITPOINT WARNING * * *
The electric eel shoots out a bolt of lightning at you!
The bolt of electricity hits you!
* * * LOW HITPOINT WARNING * * *
The bolt of electricity misses you.
You start resting.
The electric eel shoots out a bolt of lightning at you!
The bolt of electricity hits you!
* * * LOW HITPOINT WARNING * * *
The electric eel shoots out a bolt of lightning at you!
The bolt of electricity hits you!
You die...

#.## #......;;# #..#
#......;≈# ##.#
#......≈≈# #.#
####'#.≈≈## #.#
#...#.;;≈≈≈≈ #####'####
##.###.;≈≈≈≈≈ #........#
#............
#........####
#.....(...##.
#........'..###@....###..
#.....[..##.........# ###
#........######.....#
#......<.# #.....#
#........# #.....#
#........# ####.##
#######+## .# .#


You could see 3 electric eels.

Vanquished Creatures
  2 two-headed ogres (D:8)
  The ghost of Sharkman1231 the Prestidigitator, a novice DsAr of Makhleb (D:8)
  The ghost of rz the Cleaver, a novice MiBe of Trog (D:7)
  The ghost of Wesley the Firebug, a novice DEFE of Vehumet (D:4)
  Grinder (D:4)
  2 hippogriffs
  Sigmund (D:4)
  A wraith (D:7)
  A hungry ghost (D:7)
  Edmund (D:4)
  An acid dragon (D:7)
  A water moccasin (D:3)
  A hornet zombie (D:5)
  2 phantoms
  An ogre (D:6)
  A sky beast (D:9)
  3 necrophages
  3 centaurs
  4 bullfrogs
  3 scorpions
  A killer bee (D:7)
  3 howler monkeys
  3 crimson imps
  The ghost of worthlessgem the Magician, a weakling DEWz (D:3)
  A bullfrog zombie (D:7)
  A hound (D:7)
  5 orc priests
  4 jellies
  10 orc wizards
  Natasha (thrice) (D:4)
  3 bullfrog skeletons
  2 iguanas
  9 worker ants
  A worker ant zombie (D:5)
  3 gnolls (D:7)
  7 adders
  3 shadow imps
  An ooze (D:3)
  3 adder skeletons
  A worm (D:2)
  A dart slug (D:1)
  8 leopard geckos
  22 orcs
  4 giant cockroaches
  5 goblins
  8 hobgoblins
  6 jackals
  11 kobolds
  9 quokkas
  12 bats
  6 frilled lizards
  A jackal skeleton (D:8)
  2 jackal zombies
  A quokka skeleton (D:5)
  6 rats
  A spectral orc (D:5)
  2 plants (D:8)
202 creatures vanquished.

Notes
Turn   | Place    | Note
-------+----------+-------------------------------------------
     0 | D:1      | rz the Minotaur Berserker began the quest for the Orb.
     0 | D:1      | Reached XP level 1. HP: 19/19 MP: 0/0
   163 | D:1      | Reached skill level 4 in Axes
   166 | D:1      | Reached XP level 2. HP: 25/27 MP: 1/1
   303 | D:1      | Found a shattered altar of Ashenzari.
   549 | D:1      | Reached ** piety under Trog
   549 | D:1      | Reached XP level 3. HP: 33/33 MP: 2/2
  1500 | D:2      | Reached skill level 5 in Axes
  1500 | D:2      | Reached XP level 4. HP: 36/41 MP: 3/3
  1735 | D:2      | You fall through a shaft!
  2191 | D:3      | Found a sacrificial altar of Ru.
  2208 | D:3      | Reached XP level 5. HP: 36/47 MP: 4/4
  2637 | D:3      | Noticed a water moccasin
  2643 | D:3      | Killed a water moccasin
  2643 | D:3      | Reached skill level 5 in Fighting
  2643 | D:3      | Reached skill level 6 in Axes
  2771 | D:3      | Found an ancient bone altar of Kikubaaqudgha.
  2880 | D:3      | Noticed worthlessgem's ghost (weakling DEWz)
  2897 | D:3      | Killed worthlessgem's ghost
  2897 | D:3      | Reached XP level 6. HP: 43/56 MP: 5/5
  3080 | D:4      | Found an iron altar of Okawaru.
  3419 | D:4      | Noticed Wesley's ghost (novice DEFE)
  3421 | D:4      | Noticed Natasha
  3443 | D:4      | Killed Wesley's ghost
  3443 | D:4      | Reached skill level 7 in Axes
  3443 | D:4      | Reached skill level 5 in Armour
  3443 | D:4      | Reached XP level 7. HP: 62/62 MP: 6/6
  3444 | D:4      | Killed Natasha
  3531 | D:4      | Noticed Edmund
  3543 | D:4      | Killed Edmund
  3605 | D:4      | Found Pibruwi's Magic Scroll Boutique.
  3619 | D:4      | Noticed Sigmund
  3632 | D:4      | Killed Sigmund
  3632 | D:4      | Reached skill level 8 in Axes
  3919 | D:4      | Noticed Grinder
  3923 | D:4      | Paralysed by Grinder for 4 turns
  3931 | D:4      | Killed Grinder
  3931 | D:4      | Reached XP level 8. HP: 49/71 MP: 7/7
  3932 | D:4      | Noticed Natasha
  3936 | D:4      | Killed Natasha
  3936 | D:4      | Reached skill level 9 in Axes
  4117 | D:4      | Reached *** piety under Trog
  4208 | D:4      | Noticed Natasha
  4212 | D:4      | Killed Natasha
  4284 | D:5      | Entered Level 5 of the Dungeon
  4528 | D:5      | Found an opulent altar of Gozag.
  4800 | D:5      | Found a staircase to the Ecumenical Temple.
  5405 | D:5      | Found a basalt altar of Yredelemnul.
  5719 | D:6      | Reached skill level 10 in Axes
  5760 | D:6      | Found a bloodstained altar of Trog.
  5970 | D:6      | Found a hazy altar of Hepliaklqana.
  6527 | D:7      | Reached XP level 9. HP: 64/81 MP: 8/8
  6545 | D:7      | Noticed rz's ghost (novice MiBe)
  6553 | D:7      | Killed rz's ghost
  6553 | D:7      | Reached skill level 11 in Axes
  6584 | D:7      | Found a runed door.
  6696 | D:7      | Reached skill level 12 in Axes
  6721 | D:7      | Got a warped glaive {flame}
  7075 | D:7      | Identified the +7 glaive of Dismemberment {flame, Dex+6} (You took it off a centaur on level 7 of the Dungeon)
  7285 | D:7      | Reached **** piety under Trog
  7521 | D:7      | Found an ornate altar of the Wu Jian Council.
  7701 | D:8      | Noticed Sharkman1231's ghost (novice DsAr)
  7708 | D:8      | Reached XP level 10. HP: 91/91 MP: 9/9
  7711 | D:8      | Killed Sharkman1231's ghost
  7758 | D:8      | Noticed a two-headed ogre
  7764 | D:8      | Killed a two-headed ogre
  7764 | D:8      | Reached skill level 13 in Axes
  7813 | D:8      | Found Zin's Purification Station.
  7819 | D:8      | Found a glowing silver altar of Zin.
  7902 | D:8      | Noticed a two-headed ogre
  7906 | D:8      | Killed a two-headed ogre
  7906 | D:8      | Reached skill level 10 in Fighting
  8031 | D:8      | Found Vitatol's Assorted Antiques.
  8113 | D:8      | Reached skill level 10 in Armour
  8130 | D:8      | Found a radiant altar of Vehumet.
  8805 | D:9      | HP: 4/94 [electric eel/bolt of electricity (9)]
  8806 | D:9      | Killed from afar by an electric eel

Skill      XL: |  1  2  3  4  5  6  7  8  9 10 |
---------------+-------------------------------+-----
Axes           | 4 5 6 7 8 10 12 13 | 13.9
Fighting       | 4 5 6 7 9 10 | 10.5
Armour         | 3 4 5 6 7 9 10 | 10.2
Dodging        | |  2.1

Action                   |  1- 3 |  4- 6 |  7- 9 | 10-12 || total
-------------------------+-------+-------+-------+-------++-------
Melee: Hand axe          |    79 |   107 |    42 |       ||   228
       Headbutt          |    14 |    14 |    36 |    10 ||    74
       Executioner's axe |       |       |   179 |    78 ||   257
Invok: Berserk           |       |     2 |     8 |       ||    10
       Trog's Hand       |       |     2 |     7 |       ||     9
  Use: Scroll            |       |       |     2 |     1 ||     3
  Eat: Chunk             |     2 |     7 |    18 |     2 ||    29
       Ration            |       |       |     6 |     1 ||     7
Armor: Animal skin       |    15 |       |       |       ||    15
       Ring mail         |       |    40 |    96 |    39 ||   175
Dodge: Dodged            |    46 |    56 |   134 |    62 ||   298
